[Event "Team 45 45 League T49"]
[Site "Internet Chess Club"]
[Date "2011.05.31"]
[Round "3"]
[White "JeeniousChess"]
[Black "DreamCatcher13"]
[Result "0-1"]
[WhiteElo "1812"]
[BlackElo "1879"]
[Opening "Queen's gambit declined"]
[ECO "D30"]
[Time "16:29:14"]
[TimeControl "2700+45"]

1. d4 d5 2. c4 e6 3. Nf3 Be7 4. Nc3 Nf6 5. e3 O-O 6. Bd3 c5 7. cxd5 exd5 8. b3
Nc6 9. Bb2 Bg4 10. Be2 Re8 11. O-O Ne4 12. h3 Be6 13. Qc2 Nb4 14. Qb1 Bf5 15.
Nxe4 Bxe4 16. Qd1 Bf6 17. Qd2 Rc8 18. a3 Nc2 19. Rac1 cxd4 20. exd4 Bxf3 21.
Bxf3 Bg5 22. Qd3 Bxc1 23. Rxc1 Re1+ 24. Rxe1 Nxe1 25. Qd1 Nxf3+ 26. Qxf3 Rc2 27.
Bc3 Rc1+ 28. Kh2 Qc7+ {White resigns} 0-1

[Event "Team 45 45 League T49"]
[Site "Internet Chess Club"]
[Date "2011.05.30"]
[Round "3"]
[White "bshribharath"]
[Black "livis"]
[Result "0-1"]
[WhiteElo "1750"]
[BlackElo "1986"]
[Opening "French: Tarrasch, closed variation"]
[ECO "C05"]
[Time "15:00:35"]
[TimeControl "2700+45"]

1. e4 e6 2. d4 d5 3. Nd2 Nf6 4. e5 Nfd7 5. Bd3 c5 6. c3 Nc6 7. Ne2 a6 8. a3 Qb6
9. Nf3 h6 10. b4 cxd4 11. cxd4 Be7 12. O-O Qd8 13. Nd2 Nb6 14. f4 g6 15. Qc2 Rg8
16. Nb3 Bd7 17. Nc5 Qc7 18. Bd2 Nc8 19. Rf3 Bxc5 20. bxc5 N8e7 21. Rb1 Nf5 22.
Qc3 h5 23. Bxf5 exf5 24. Qb3 Nd8 25. Nc3 Qc6 26. Nxd5 Kf8 27. Nf6 Rh8 28. Kh1 h4
29. d5 Qc8 30. Bb4 Kg7 31. Qc3 Be6 32. dxe6 Nxe6 33. Rc1 Qc6 34. Kg1 Rad8 35.
Rcf1 Nd4 36. R3f2 h3 37. gxh3 Ne6 38. Qe3 Qb5 39. Qc3 Rd4 40. Qf3 a5 41. Bc3 Rd3
42. Rb2 Qxc5+ 43. Qf2 Qxc3 44. Rxb7 Nd4 45. Qa2 Nb3 46. Rb1 Qc5+ 47. Kh1 a4 48.
Qg2 Rdxh3 {White resigns} 0-1

[Event "Team 45 45 League T49"]
[Site "Internet Chess Club"]
[Date "2011.05.29"]
[Round "3"]
[White "Magagna"]
[Black "BigCol"]
[Result "1-0"]
[WhiteElo "1900"]
[BlackElo "1818"]
[Opening "QGD: 3.Nc3"]
[ECO "D31"]
[Time "11:03:49"]
[TimeControl "2700+45"]

1. d4 d5 2. c4 e6 3. Nc3 f5 4. Nf3 Nf6 5. Bf4 c6 6. e3 Be7 7. Bd3 O-O 8. h3 Bd7
9. a3 Be8 10. O-O Bh5 11. b4 a6 12. Qb3 Ne4 13. Bxe4 fxe4 14. Ne5 Kh8 15. a4 Nd7
16. b5 Nxe5 17. Bxe5 Bd6 18. Bxd6 Qxd6 19. Rab1 axb5 20. c5 Qe7 21. axb5 Qg5 22.
Kh2 Rf6 23. bxc6 Rg6 24. Rg1 bxc6 25. Qb8+ Qd8 26. Qxd8+ Rxd8 27. g4 Rf6 28.
gxh5 Rxf2+ 29. Rg2 Rf5 30. Rb7 Rg8 31. Rc7 Rxh5 32. Rxc6 e5 33. Rd6 exd4 34.
exd4 Rf8 35. Rxd5 Rh6 36. Nxe4 {Black resigns} 1-0

[Event "Team 45 45 League T49"]
[Site "Internet Chess Club"]
[Date "2011.05.26"]
[Round "3"]
[White "Ptzz"]
[Black "Colombiano07"]
[Result "0-1"]
[WhiteElo "2092"]
[BlackElo "1852"]
[Opening "Benkö gambit half accepted"]
[ECO "A57"]
[Time "10:03:06"]
[TimeControl "2700+45"]

1. d4 Nf6 2. c4 c5 3. d5 b5 4. cxb5 a6 5. b6 d6 6. Nc3 Qxb6 7. e4 g6 8. Nf3 Bg7
9. Nd2 O-O 10. Be2 a5 11. a4 Ba6 12. Bb5 Ne8 13. Nc4 Qc7 14. Na3 Bxb5 15. Ncxb5
Qb7 16. Qe2 Na6 17. Bf4 Nec7 18. Rd1 Rab8 19. Qd2 Nxb5 20. Nxb5 Nc7 21. Bh6 Bxh6
22. Qxh6 Nxb5 23. axb5 Qxb5 24. h4 Qxb2 25. h5 Qc3+ 26. Kf1 Qg7 27. Qg5 Qf6 28.
Qd2 Rb2 29. Qe3 Rfb8 30. Rh3 R8b3 31. Qe1 Rxh3 32. gxh3 Qf3 33. Kg1 Rxf2 34.
Qxf2 Qxd1+ 35. Kh2 Qxh5 36. Qe1 Qe5+ 37. Kg1 a4 {White resigns} 0-1

[Event "Team 45 45 League T49"]
[Site "Internet Chess Club"]
[Date "2011.05.30"]
[Round "3"]
[White "MikeA"]
[Black "Despair"]
[Result "0-1"]
[WhiteElo "2175"]
[BlackElo "2018"]
[Opening "Robatsch defense: two knights variation"]
[ECO "B06"]
[Time "21:01:27"]
[TimeControl "2700+45"]

1. e4 g6 2. d4 d6 3. Nc3 Bg7 4. Nf3 Bg4 5. Be2 Nf6 6. O-O O-O 7. Be3 Nbd7 8. h3
Bxf3 9. Bxf3 e5 10. dxe5 Nxe5 11. Be2 Re8 12. f3 a6 13. Nd5 b5 14. a3 Ned7 15.
c4 c6 16. Nc3 Nb6 17. c5 Nc4 18. Bxc4 bxc4 19. cxd6 Re6 20. Qa4 Qxd6 21. Qxc4
Qb8 22. Rfd1 Nh5 23. Rd7 Qxb2 24. Rc1 {White resigns} 0-1

[Event "Team 45 45 League T49"]
[Site "Internet Chess Club"]
[Date "2011.05.29"]
[Round "3"]
[White "ivanson"]
[Black "CaoCao"]
[Result "0-1"]
[WhiteElo "1803"]
[BlackElo "1878"]
[Opening "Ruy Lopez: Schliemann defense, Berger variation"]
[ECO "C63"]
[Time "18:15:03"]
[TimeControl "2700+45"]

1. e4 e5 2. Nf3 Nc6 3. Bb5 f5 4. Nc3 fxe4 5. Nxe4 d5 6. Nxe5 dxe4 7. Nxc6 Qg5 8.
Qe2 Nf6 9. f4 Qxf4 10. Ne5+ c6 11. d4 Qh4+ 12. g3 Qh3 13. Bc4 Be6 14. Bf4 Rd8
15. O-O-O Bd6 16. Bg5 Qf5 17. Bxf6 gxf6 18. Rhf1 Bxc4 19. Nxc4 Qg6 20. Nxd6+
Rxd6 21. Rf4 f5 22. Kb1 h5 23. Qf2 Rf8 24. c4 Rf7 25. Rf1 Kd8 26. d5 cxd5 27.
cxd5 Rxd5 28. Rxe4 fxe4 29. Qxf7 Qxf7 30. Rxf7 e3 31. Rf1 e2 32. Re1 Rd1+ {White
resigns} 0-1

[Event "Team 45 45 League T49"]
[Site "Internet Chess Club"]
[Date "2011.05.28"]
[Round "3"]
[White "sombragris35"]
[Black "pishd"]
[Result "1-0"]
[WhiteElo "1757"]
[BlackElo "1734"]
[Opening "Caro-Kann: classical, 6.h4"]
[ECO "B19"]
[Time "10:09:26"]
[TimeControl "2700+45"]

1. e4 c6 2. d4 d5 3. Nc3 dxe4 4. Nxe4 Bf5 5. Ng3 Bg6 6. h4 h6 7. Nf3 Nf6 8. h5
Bh7 9. Bd3 Bxd3 10. Qxd3 e6 11. Bd2 c5 12. O-O-O Nc6 13. Qb5 Qd5 14. c4 Qd7 15.
d5 Nb4 16. Qxd7+ Nxd7 17. Bxb4 cxb4 18. dxe6 fxe6 19. Rhe1 Nc5 20. Ne5 Be7 21.
Ng6 Bg5+ 22. f4 Rf8 23. fxg5 Rf2 24. gxh6 gxh6 25. Rf1 Rxf1 26. Rxf1 O-O-O 27.
Rd1 Re8 28. Ne5 b3 29. axb3 Rg8 30. Ng6 Nxb3+ 31. Kc2 {Black resigns} 1-0

[Event "Team 45 45 League T49"]
[Site "Internet Chess Club"]
[Date "2011.06.04"]
[Round "3"]
[White "futureGM"]
[Black "alexping"]
[Result "0-1"]
[WhiteElo "1793"]
[BlackElo "1936"]
[Opening "French: Winawer, advance variation"]
[ECO "C17"]
[Time "12:03:59"]
[TimeControl "2700+45"]

1. e4 e6 2. d4 d5 3. Nc3 Bb4 4. e5 c5 5. f4 Nc6 6. Nf3 Nge7 7. a3 Bxc3+ 8. bxc3
Nf5 9. Bd3 cxd4 10. Bxf5 exf5 11. cxd4 Na5 12. Bd2 Nc4 13. O-O b6 14. Qe2 O-O
15. Bb4 Re8 16. Nd2 a5 17. Nxc4 axb4 18. Ne3 Ba6 19. Qf3 {White resigns} 0-1

[Event "Team 45 45 League T49"]
[Site "Internet Chess Club"]
[Date "2011.05.26"]
[Round "3"]
[White "fishhead"]
[Black "bshribharath"]
[Result "1-0"]
[WhiteElo "1855"]
[BlackElo "1771"]
[Opening "Ruy Lopez: fianchetto (Smyslov/Barnes) defense"]
[ECO "C60"]
[Time "15:10:21"]
[TimeControl "2700+45"]

1. e4 e5 2. Nf3 Nc6 3. Bb5 g6 4. d4 exd4 5. Nxd4 Bg7 6. Be3 Nge7 7. f4 d5 8. e5
O-O 9. Nc3 Nxd4 10. Bxd4 b6 11. b4 a5 12. a3 axb4 13. axb4 Rxa1 14. Qxa1 Nf5 15.
Bf2 Bb7 16. O-O d4 17. Rd1 Qe7 18. Bxd4 Qxb4 19. Qa4 Qxa4 20. Bxa4 g5 21. g3
gxf4 22. gxf4 Bh6 23. Ne2 Bf3 24. Kf2 Bxe2 25. Kxe2 Bxf4 26. Rg1+ Kh8 27. Bc3 h5
28. Rf1 Bxh2 29. Rxf5 {Black resigns} 1-0

[Event "Team 45 45 League T49"]
[Site "Internet Chess Club"]
[Date "2011.05.30"]
[Round "3"]
[White "Ivio"]
[Black "misuc56"]
[Result "0-1"]
[WhiteElo "1732"]
[BlackElo "1808"]
[Opening "Queen's pawn game"]
[ECO "D02"]
[Time "13:00:13"]
[TimeControl "2700+45"]

1. d4 d5 2. Nf3 e6 3. e3 c6 4. Bd3 f5 5. c4 Nf6 6. Nc3 Bd6 7. cxd5 exd5 8. Qc2
Ne4 9. Ne2 O-O 10. Ng3 Qe7 11. O-O Nd7 12. h3 g6 13. Ne2 Ndf6 14. Nf4 Rf7 15. b3
Rg7 16. Bb2 Bd7 17. Qc1 Rf8 18. a4 a6 19. Ba3 g5 20. Ne2 g4 21. hxg4 fxg4 22.
Ne5 Nh5 23. Nxd7 Qxd7 24. Bxe4 dxe4 25. Qc4+ Kh8 26. Bxd6 Qxd6 27. Qc5 Qxc5 28.
dxc5 Rd7 29. Rad1 Rfd8 30. Nd4 Nf6 31. f3 gxf3 32. gxf3 exf3 33. Rxf3 Ne4 34.
Rf4 Nxc5 35. Rdf1 Rg7+ 36. Kh1 Re8 37. Rf8+ Rg8 38. Rxg8+ Kxg8 39. Rf3 a5 40.
Kg2 Re5 41. Kf2 h5 42. Kg3 Ne6 43. Nxe6 Rxe6 44. Kh4 Re5 45. Kg3 Re4 46. Kf2 Kg7
47. Rf5 Kg6 48. Rxa5 Rb4 49. Rc5 Rxb3 50. a5 Rb5 51. Rc4 Rxa5 52. Kf3 Re5 53. e4
Kg5 54. Rc1 Rb5 55. Rg1+ Kf6 56. Kf4 b6 57. Rc1 Rc5 58. Rd1 Ke6 59. Rg1 b5 60.
Rg6+ Kf7 61. Rg1 b4 62. e5 Rc2 63. Rh1 h4 64. Rb1 c5 65. Ke4 Ke6 66. Re1 h3 67.
Kd3 Rc3+ 68. Kd2 h2 69. Rh1 Rh3 70. Kc2 Kxe5 71. Kb2 Kd5 72. Kc2 Kc4 73. Kb2 Kb5
74. Kc2 c4 75. Kb2 Kc5 76. Kc2 Kd4 77. Kb2 b3 78. Kc1 Kc3 79. Kb1 Kb4 80. Kb2
c3+ 81. Kb1 Rd3 82. Kc1 Rd2 83. Kb1 Rg2 {White resigns} 0-1

[Event "Team 45 45 League T49"]
[Site "Internet Chess Club"]
[Date "2011.05.28"]
[Round "3"]
[White "rubo"]
[Black "MasterOfTheKeys"]
[Result "1-0"]
[WhiteElo "1759"]
[BlackElo "1651"]
[Opening "Bird's opening: Lasker variation"]
[ECO "A03"]
[Time "19:59:40"]
[TimeControl "2700+45"]

1. f4 d5 2. Nf3 c5 3. e3 Nf6 4. b3 Bg4 5. Bb2 e6 6. Bb5+ Nbd7 7. O-O Be7 8. h3
Bxf3 9. Qxf3 O-O 10. Nc3 Qb6 11. Bxd7 Nxd7 12. g4 Qc7 13. g5 a6 14. Qg4 d4 15.
Ne4 Qc6 16. f5 exf5 17. Rxf5 f6 18. Raf1 Ne5 19. Qg2 Ng6 20. gxf6 Bxf6 21. Rxc5
Qe6 22. Nxf6+ Rxf6 23. Rxf6 Qxf6 24. Bxd4 Qf7 25. Qd5 Rf8 26. Qxf7+ Rxf7 27.
Rc8+ Rf8 28. Rc7 Rf7 29. Rc8+ Rf8 30. Rxf8+ Nxf8 31. c4 Ne6 32. Bb6 Kf7 33. d4
Ng5 34. Kg2 Ke6 35. d5+ Kd6 36. h4 Nf7 37. e4 Ne5 38. Bd4 Ng6 39. c5+ Kd7 40.
Kg3 Ne7 41. Bxg7 Ke8 42. b4 Kd7 43. a4 Kc8 44. b5 axb5 45. axb5 Kd7 46. d6 Nc8
47. Bd4 Ke6 48. b6 Kd7 49. Kg4 Ke6 50. Kh5 {Black resigns} 1-0

[Event "Team 45 45 League T49"]
[Site "Internet Chess Club"]
[Date "2011.05.27"]
[Round "3"]
[White "Wheels"]
[Black "Gregorio"]
[Result "0-1"]
[WhiteElo "1834"]
[BlackElo "2033"]
[Opening "Ruy Lopez: fianchetto (Smyslov/Barnes) defense"]
[ECO "C60"]
[Time "21:02:37"]
[TimeControl "2700+45"]

1. e4 e5 2. Nf3 Nc6 3. Bb5 g6 4. O-O Bg7 5. d3 Nge7 6. c3 d6 7. h3 O-O 8. Nbd2
h6 9. Re1 f5 10. Nb3 Kh7 11. d4 fxe4 12. Rxe4 d5 13. Re1 e4 14. Nh2 a6 15. Be2
Nf5 16. f3 Qh4 17. fxe4 dxe4 18. Rf1 Ng3 19. Rxf8 Bxf8 20. Bg4 Bf5 21. Bf4 Bd6
22. Bxd6 cxd6 23. Bxf5 gxf5 24. Nf1 Rg8 25. Kh2 Qf4 26. Kg1 Ne7 27. Qd2 Nd5 28.
Qxf4 Ne2+ 29. Kh2 Nexf4 30. g3 Nd3 31. Rb1 f4 32. gxf4 N3xf4 33. Ng3 e3 34. Re1
h5 35. c4 h4 36. Nf5 Ng2 37. cxd5 Nxe1 38. Nxe3 Nf3+ 39. Kh1 Rg1# {White
checkmated} 0-1

[Event "Team 45 45 League T49"]
[Site "Internet Chess Club"]
[Date "2011.05.30"]
[Round "3"]
[White "MeanMrMustard"]
[Black "Philly-Boy"]
[Result "0-1"]
[WhiteElo "1838"]
[BlackElo "1852"]
[Opening "Scandinavian defense"]
[ECO "B01"]
[Time "22:03:57"]
[TimeControl "2700+45"]

1. e4 d5 2. exd5 Nf6 3. Bb5+ c6 4. dxc6 Nxc6 5. d4 Qb6 6. Nc3 Bg4 7. f3 Bf5 8.
d5 O-O-O 9. Bxc6 bxc6 10. Qe2 Nxd5 11. Nxd5 Rxd5 12. c3 e6 13. Be3 Bc5 14. Bxc5
Qxc5 15. Qa6+ Kb8 16. Rd1 Rxd1+ 17. Kxd1 Rd8+ 18. Ke1 Qe3+ {White resigns} 0-1

[Event "Team 45 45 League T49"]
[Site "Internet Chess Club"]
[Date "2011.05.28"]
[Round "3"]
[White "Monsieur"]
[Black "Electryon"]
[Result "0-1"]
[WhiteElo "1508"]
[BlackElo "1530"]
[Opening "French: Fort Knox variation"]
[ECO "C10"]
[Time "09:00:51"]
[TimeControl "2700+45"]

1. e4 e6 2. d4 d5 3. Nc3 dxe4 4. Nxe4 Bd7 5. Nf3 Bc6 6. Bd3 Nd7 7. O-O Ngf6 8.
Re1 Bxe4 9. Bxe4 Nxe4 10. Rxe4 Nf6 11. Bg5 Be7 12. Bxf6 Bxf6 13. d5 O-O 14. dxe6
Qxd1+ 15. Rxd1 Bxb2 16. e7 Rfe8 17. Rd7 Rac8 18. g4 b6 19. h4 a5 20. g5 f6 21.
Nd4 Kf7 22. Nc6 Ba3 23. Rd8 Bd6 24. Rxc8 Rxc8 25. Nd4 Bxe7 26. Nf5 Re8 27. gxf6
Bxf6 28. Rxe8 Kxe8 29. h5 g6 30. hxg6 hxg6 31. Ne3 Kd7 32. Kg2 Kd6 33. Kf3 Kc5
34. Ke4 Bd4 35. Nd5 Bxf2 36. Nxc7 Kc4 37. Nd5 b5 38. c3 g5 39. Nc7 b4 40. cxb4
axb4 41. Nd5 g4 42. Nxb4 Kxb4 43. Kf4 g3 44. Kf3 Ka3 45. Kg2 Kxa2 46. Kh1 Kb3
47. Kg2 Kc2 48. Kh1 Kd3 49. Kg2 Ke4 50. Kh1 Kf4 51. Kg2 Be1 52. Kh1 Kf3 53. Kg1
g2 54. Kh2 Kf2 {White resigns} 0-1

[Event "Team 45 45 League T49"]
[Site "Internet Chess Club"]
[Date "2011.05.30"]
[Round "3"]
[White "Frankly"]
[Black "BrerRabbit"]
[Result "1/2-1/2"]
[WhiteElo "1782"]
[BlackElo "1498"]
[Opening "King's Indian: Four pawns attack"]
[ECO "E76"]
[Time "14:01:20"]
[TimeControl "2700+45"]

1. d4 Nf6 2. c4 g6 3. Nc3 Bg7 4. e4 d6 5. f4 O-O 6. Nf3 c5 7. d5 e6 8. Be2 exd5
9. exd5 Bf5 10. O-O Nbd7 11. Bd3 Bxd3 12. Qxd3 Re8 13. Bd2 Nb6 14. Rae1 Qd7 15.
Kh1 Na4 16. b3 Nb6 17. Nh4 Qg4 18. Nf3 Qd7 19. Nd1 Rxe1 20. Rxe1 Re8 21. Rxe8+
Qxe8 22. Nf2 Nbd7 23. Ng5 h6 24. Nge4 Bf8 25. Bc3 Nxe4 26. Qxe4 Qxe4 27. Nxe4 f5
28. Nf2 Bg7 29. Nd1 Nf6 30. Nf2 Nh5 31. Bxg7 Kxg7 32. Nd3 Nf6 33. g3 Ne4 34. Kg2
Kf7 35. Kf3 Ke7 36. Ke3 Nc3 37. Nc1 Ne4 38. a3 a5 39. Nd3 Kf6 40. b4 axb4 41.
axb4 Ke7 42. bxc5 dxc5 43. Ne5 g5 44. g4 Nd6 45. h3 fxg4 46. hxg4 b5 47. cxb5
Nxb5 48. fxg5 hxg5 49. Nc4 Nd6 50. Nxd6 Kxd6 51. Ke4 c4 52. Kd4 c3 53. Kxc3 Kxd5
54. Kd3 Ke5 55. Ke3 Kd5 56. Kd3 Ke5 57. Ke3 Kd5 {Game drawn by mutual agreement}
1/2-1/2